AoeStats
← MattAtArms

Arabia

507509442Analyzed
1v1 RM · 13d ago on Sep 18, 2026· 22m 43s· 2 players
Game mode
Random Map
Map size
Tiny (2 player)
Population
200
Speed
Normal
Resources
Standard
Victory
Conquest
Starting age
Dark Age
Ending age
Imperial Age
RankedLock teamsTeams togetherTeam positionsShared explorationLock speedFull tech treeHidden civsTurbo modeCheats
Victory
Defeat
🇫🇷 Franks · France
1911
+13
🇬🇧 Gurjaras · United Kingdom
1849
-13
MattAtArms
6:31 Loom
9:45 Feudal Age
12:53 Double-Bit Axe
16:24 Fletching
22:49 Castle Age
20:56 Gold Mining
21:46 Padded Archer Armor
21:29 Horse Collar
Beauvéro
7:55 Loom
10:09 Feudal Age
11:13 Double-Bit Axe
20:14 Castle Age
19:11 Scale Barding Armor
19:13 Gold Mining
20:52 Forging
Connection lost

Rejoining the realm…

Still unreachable

The connection could not be restored.

Session expired

The server has moved on; the page needs a fresh start.